 Dungeon Crawl Stone Soup version 0.13.1-28-g3517093 (console) character file.

6106 Messenger the Cleaver (level 10, 0/86 HPs)
             Began as a Hill Orc Berserker on Mar 15, 2014.
             Was an Elder of Trog.
             Slain by a killer bee (1 damage)
             ... on Level 10 of the Dungeon on Mar 16, 2014.
             The game lasted 00:29:19 (3699 turns).

Messenger the Cleaver (Hill Orc Berserker)          Turns: 3699, Time: 00:29:19

HP   0/86        AC 23     Str 21      XL: 10   Next: 82%
MP  20/20        EV  4     Int 10 (12) God: Trog [****..]
Gold 223         SH  7     Dex 13      Spells:  0 memorised,  9 levels left

Res.Fire  : . . .   See Invis. : .   G - -1,+0 orc war axe
Res.Cold  : . . .   Warding    : .   H - +2 orc plate armour
Life Prot.: . . .   Conserve   : .   A - +0 elf buckler
Res.Poison: .       Res.Corr.  : .   R - +1 wizard hat
Res.Elec. : .       Clarity    : .   v - +0 cloak
Sust.Abil.: . .     Spirit.Shd : .   W - +0 pair of orc gauntlets
Res.Mut.  : .       Stasis     : .   m - +2 pair of boots {Stlth+}
Res.Rott. : .       Flight     : .   (no amulet)
Saprovore : + . .                    j - ring of wizardry
                                     C - ring of invisibility

@: invisible, exhausted, brilliant, quite poisoned, very slightly contaminated,
somewhat resistant to hostile enchantments, extremely unstealthy
A: saprovore 1
a: Burn Spellbooks, Berserk, Trog's Hand, Brothers in Arms, Renounce Religion,
Turn Visible


You were on level 10 of the Dungeon.
You worshipped Trog.
Trog was greatly pleased with you.
You were very hungry.

You visited 1 branch of the dungeon, and saw 10 of its levels.
You also visited: Sewer.

You collected 484 gold pieces.
You spent 281 gold pieces at shops.

Inventory:

Hand weapons
 a - a +0,+0 orcish hand axe {=f}
 x - a +0 blowgun
 G - a -1,+0 orcish war axe (weapon)
 M - a +2,+1 whip of electrocution
 P - a cursed +2,+1 war axe
 U - the +8,+7 spear of Khiyso Cahi {holy, rElec MR++ Dex+4 Int+2, unknown}
   (You found it on level 9 of the Dungeon)

   It has been blessed by the Shining One to cause great damage to the undead
   and demons.
   It affects your intelligence (+2).
   It affects your dexterity (+4).
   It insulates you from electricity.
   It affects your resistance to hostile enchantments.
Missiles
 d - 5 needles of frenzy
 h - 6 javelins (quivered)
Armour
 b - a +0 troll hide {Purgy}
 m - a +2 pair of boots of stealth (worn)
 r - a +0 steam dragon hide
 v - a +0 cloak (worn)
 A - a +0 elven buckler (worn)
 H - a +2 orcish plate armour (worn)
 R - a +1 wizard hat (worn)
 W - a +0 pair of orcish gauntlets (worn)
Magical devices
 g - a wand of teleportation (0)
 l - a wand of paralysis (16)
Comestibles
 c - 2 meat rations
 f - 6 bread rations
 F - 2 rotting chunks of steam dragon flesh
Scrolls
 e - 4 scrolls of amnesia {unknown}
 i - 3 scrolls of remove curse
 o - 2 scrolls of recharging {unknown}
 q - a scroll of fog {unknown}
 t - 4 scrolls of magic mapping {unknown}
 u - 2 scrolls of noise {unknown}
 w - 4 scrolls of teleportation
 y - 2 scrolls of identify {unknown}
 E - 2 scrolls of enchant weapon II {unknown}
 I - a scroll of curse armour {unknown}
 L - a scroll of acquirement {unknown}
 O - a scroll of immolation {unknown}
 T - a scroll of random uselessness {unknown}
 V - a scroll of blinking {unknown}
Jewellery
 j - a ring of wizardry (right hand)
 p - an uncursed amulet of warding {unknown}
 C - a ring of invisibility (left hand)
 D - an uncursed amulet of stasis
 J - an uncursed ring of invisibility
 K - an uncursed ring of invisibility
Potions
 n - a potion of brilliance
 z - a potion of restore abilities
 S - a potion of cure mutation
Books
 s - a book of Hinderance

   Spells                             Type                      Level
   Confusing Touch                    Hexes                        1
   Slow                               Hexes                        2
   Confuse                            Hexes                        3
   Petrify                            Transmutation/Earth          4
   Leda's Liquefaction                Hexes/Earth                  4
   Metabolic Englaciation             Hexes/Ice                    6
   Trog disapproves of the use of such an item.
 B - a book of Ice

   Spells                             Type                      Level
   Freezing Aura                      Charms/Ice                   2
   Ensorcelled Hibernation            Hexes/Ice                    2
   Ozocubu's Refrigeration            Ice                          6
   Bolt of Cold                       Conjuration/Ice              6
   Freezing Cloud                     Conjuration/Ice/Air          6
   Metabolic Englaciation             Hexes/Ice                    6
   Simulacrum                         Ice/Necromancy               6
   Trog disapproves of the use of such an item.
 Q - a book of Spatial Translocations

   Spells                             Type                      Level
   Apportation                        Translocation                1
   Portal Projectile                  Translocation                2
   Blink                              Translocation                2
   Shroud of Golubria                 Charms/Translocation         2
   Teleport Other                     Translocation                3
   Passage of Golubria                Translocation                4
   Trog disapproves of the use of such an item.


   Skills:
 - Level 8.8 Fighting
 + Level 13.8 Axes
 - Level 7.5 Armour
 - Level 1.5 Dodging
 * Level 7.9 Evocations


You had 9 spell levels left.
You didn't know any spells.

Dungeon Overview and Level Annotations

Branches:
Dungeon (10/27)            Temple (0/1) D:6
    Orc: D:6-11        Lair: D:8-13

Altars:
Yredelemnul
Zin
the Shining One

Shops:
D:4 [   D:5 /   D:7 *   D:9 (


Innate Abilities, Weirdness & Mutations

You can tolerate rotten meat.


Message History

* * * LOW HITPOINT WARNING * * *
You feel sick.
The killer bee buzzes angrily.
The killer bee stings your two-headed ogre.
Your two-headed ogre dies!
Your two-headed ogre's corpse disappears in a puff of smoke!
The killer bee stings you.
* * * LOW HITPOINT WARNING * * *
The killer bee stings you but does no damage.
You continue eating.
You feel yourself speed up.
* * * LOW HITPOINT WARNING * * *
You feel sick.
Magic restored.
The killer bee buzzes angrily.
The killer bee stings you but does no damage.
The killer bee stings you.
* * * LOW HITPOINT WARNING * * *
The killer bee stings you but does no damage.
The killer bee stings you.
You die...

#.####..#........#
.....#.)#.##.#.###
#....(......#
#.####...###.###
#.........##.# #.
#............# #...
..######[..#### ...$.
#..k######.......
#...kk@kk.%.....#
######...#####...?...#
................##..#
..............$... k
....$....(........
#####...#####.####.
#.###. .# #.. . ## #..
.


You could see 5 killer bees.

Vanquished Creatures
  Pikel (D:7)
  A queen bee (D:10)
  Grinder (D:5)
  A wyvern (D:10)
  11 yaks
  The ghost of sonasty the Skirmisher, an average MiBe of Trog (Sewer)
  A steam dragon (D:10)
  A hippogriff (D:7)
  Menkaure (D:5)
  2 orc warriors
  2 sky beasts
  Purgy (Sewer)
  2 ice beasts
  3 ogres
  2 slaves (D:7)
  6 centaurs
  A crocodile (D:9)
  A water moccasin (D:6)
  2 giant frogs (D:6)
  3 killer bees (D:10)
  5 wights (D:8)
  4 crimson imps
  A jelly (D:6)
  2 scorpions
  A hound (D:5)
  3 orc priests
  6 orc wizards
  3 worker ants
  A big kobold skeleton (D:7)
  A mummy (D:6)
  A hound skeleton (D:8)
  Terence (D:3)
  8 adders
  8 gnolls
  A green rat (D:3)
  2 worms
  3 giant mites (D:3)
  2 adder skeletons
  A grey rat (D:3)
  A giant eyeball (D:6)
  2 giant geckos (D:3)
  28 orcs
  A ball python (D:3)
  3 giant cockroaches
  4 goblins
  9 hobgoblins
  6 jackals
  15 kobolds
  3 quokkas
  7 bats
  2 giant cockroach zombies (D:6)
  2 giant newts (D:2)
  A giant newt zombie (D:5)
  A giant spore (D:7)
  A jackal zombie (D:7)
  A quokka skeleton (D:4)
  2 quokka zombies
  8 rats
195 creatures vanquished.

Vanquished Creatures (collateral kills)
  A killer bee (D:10)
1 creature vanquished.

Vanquished Creatures (others)
  A two-headed ogre (D:10)
  A slave (D:7)
  A hound (D:7)
3 creatures vanquished.

Grand Total: 199 creatures vanquished

Notes
Turn   | Place    | Note
--------------------------------------------------------------
     0 | D:1      | Messenger, the Hill Orc Berserker, began the quest for the Orb.
     0 | D:1      | Reached XP level 1. HP: 19/19 MP: 0/0
   133 | D:2      | Reached XP level 2. HP: 13/26 MP: 1/1
   230 | D:3      | Noticed Terence
   239 | D:3      | Reached skill level 5 in Axes
   239 | D:3      | Reached XP level 3. HP: 8/33 MP: 2/2
   243 | D:3      | HP: 2/49 [Terence/mace (5)]
   248 | D:3      | Killed Terence
   248 | D:3      | Acquired Trog's second power
   362 | D:3      | Reached XP level 4. HP: 12/40 MP: 3/3
   389 | D:3      | Noticed an orc wizard
   393 | D:3      | Noticed a crimson imp
   404 | D:3      | Killed an orc wizard
   442 | D:3      | Found a glowing golden altar of the Shining One.
   534 | D:3      | Killed a crimson imp
   534 | D:3      | Reached XP level 5. HP: 23/46 MP: 4/4
   669 | D:3      | Found a glowing drain.
   697 | D:3      | Reached skill level 6 in Axes
   731 | Sewer    | Entered a sewer
   731 | Sewer    | Noticed sonasty's ghost (average MiBe)
   741 | Sewer    | Killed sonasty's ghost
   741 | Sewer    | Reached skill level 5 in Fighting
   741 | Sewer    | Reached skill level 7 in Axes
   741 | Sewer    | Reached XP level 6. HP: 10/53 MP: 5/5
   772 | Sewer    | Noticed Purgy
   786 | Sewer    | Killed Purgy
  1018 | D:4      | Reached XP level 7. HP: 60/60 MP: 6/6
  1133 | D:4      | Found Nuathreth's Armour Shoppe.
  1151 | D:4      | Bought a +1 cloak for 63 gold pieces
  1234 | D:4      | Reached skill level 8 in Axes
  1370 | D:5      | Entered Level 5 of the Dungeon
  1419 | D:5      | Noticed Grinder
  1426 | D:5      | Killed Grinder
  1426 | D:5      | Reached skill level 5 in Armour
  1433 | D:5      | Found Twuomol's Magical Wand Emporium.
  1519 | D:5      | Reached XP level 8. HP: 42/69 MP: 7/7
  1573 | D:5      | Reached skill level 9 in Axes
  1723 | D:5      | Noticed Menkaure
  1733 | D:5      | Killed Menkaure
  1854 | D:6      | Paralysed by a giant eyeball for 3 turns
  1882 | D:6      | Found a staircase to the Ecumenical Temple.
  2063 | D:6      | Reached skill level 10 in Axes
  2101 | D:6      | Gained mutation: You are resistant to electric shocks. [potion of mutation]
  2101 | D:6      | Gained mutation: You have a pair of small horns on your head. [potion of mutation]
  2101 | D:6      | Gained mutation: You can spit poison. [potion of mutation]
  2150 | D:6      | Gained mutation: You are clumsy. (Dex -2) [mutagenic glow]
  2237 | D:4      | Bought a +2 pair of boots of stealth for 218 gold pieces
  2350 | D:6      | Reached XP level 9. HP: 28/77 MP: 8/8
  2406 | D:6      | Acquired Trog's third power
  2436 | D:6      | Reached skill level 11 in Axes
  2593 | D:6      | Found a basalt altar of Yredelemnul.
  2687 | D:7      | Found Zin's Purification Station.
  2690 | D:7      | Found a glowing silver altar of Zin.
  2850 | D:7      | Noticed Pikel
  2865 | D:7      | Killed Pikel
  2988 | D:8      | Reached skill level 12 in Axes
  3093 | D:8      | Reached skill level 1 in Evocations
  3213 | D:9      | Got an ancient spear
  3286 | D:9      | Reached XP level 10. HP: 57/86 MP: 14/14
  3341 | D:10     | Entered Level 10 of the Dungeon
  3403 | D:10     | Reached skill level 13 in Axes
  3405 | D:10     | Reached skill level 5 in Evocations
  3530 | D:9      | Found Joheb's Weapon Emporium.
  3685 | D:10     | Lost mutation: You can spit poison. [potion of cure mutation]
  3685 | D:10     | Lost mutation: You are clumsy. (Dex -2) [potion of cure mutation]
  3685 | D:10     | Lost mutation: You have a pair of small horns on your head. [potion of cure mutation]
  3685 | D:10     | Lost mutation: You are resistant to electric shocks. [potion of cure mutation]
  3698 | D:10     | HP: 2/86 [killer bee (6)]
  3699 | D:10     | Slain by a killer bee

Action                   |  1- 3 |  4- 6 |  7- 9 | 10-12 || total
-------------------------+-------+-------+-------+-------++-------
Melee: Hand axe          |    69 |   126 |   335 |       ||   530
       War axe           |       |       |   103 |   126 ||   229
Throw: Javelin           |       |       |     2 |       ||     2
Invok: Berserk           |     1 |     4 |    12 |     5 ||    22
       Trog's Hand       |     2 |     5 |     7 |     6 ||    20
       Brothers in Arms  |       |       |       |     1 ||     1
 Abil: Evoke Invisibilit |       |       |       |     2 ||     2
Evoke: Wand              |       |       |     4 |       ||     4
  Use: Potion            |     1 |     1 |     4 |     3 ||     9
       Scroll            |       |     2 |     2 |     1 ||     5
 Stab: Paralysed         |       |       |     2 |       ||     2
       Invisible         |       |       |       |     3 ||     3
